 Dungeon Crawl Stone Soup version 0.29-a0-1009-g60c99734e7 (webtiles) character file.

Game seed: 1382067530798037649

30 Querens the Shield-Bearer (level 3, -1/33 HPs)
             Began as a Meteoran Fighter on Aug 8, 2022.
             Hit by a goblin thrown by Robin (3 damage)
             ... on level 2 of the Dungeon.
             The game lasted 00:02:38 (681 turns).

Querens the Shield-Bearer (Meteoran Fighter)         Turns: 681, Time: 00:02:39

Health: -1/33      AC:  8    Str: 19    XL:     3   Next: 58%
Magic:  4/4        EV:  9    Int: 10    God:
Gold:   87         SH:  6    Dex: 19    Spells: 2/2 levels left

rFire   . . .      SeeInvis .   a - +0 war axe
rCold   . . .      Faith    .   c - +0 buckler
rNeg    . . .      Spirit   .   b - +0 scale mail
rPois   .          Reflect  .   f - +0 helmet
rElec   .          Harm     .   (no cloak)
rCorr   .          Rampage  .   (no gloves)
Will    .....                   (no boots)
Stlth   ..........              (no amulet)
HPRegen 0.11/turn               i - +6 ring of dexterity
MPRegen 0.09/turn               (no ring)

@: lethally poisoned (-1 -> -19), glowing
A: sense surroundings 1, otherworldly, glowing, explore regen
a: no special abilities


You were on level 2 of the Dungeon.
You visited 1 branch of the dungeon, and saw 2 of its levels.

You collected 87 gold pieces.

Inventory:

Hand Weapons
 a - a +0 war axe (weapon)
Missiles
 e - a throwing net (quivered)
Armour
 b - a +0 scale mail (worn)
 c - a +0 buckler (worn)
 f - a +0 helmet (worn)
Jewellery
 i - a +6 ring of dexterity (left hand)
Scrolls
 g - a scroll of identify {unknown}
 h - a scroll of fear {unknown}
 k - a scroll of enchant weapon {unknown}
 m - a scroll of teleportation {unknown}
 o - a scroll of poison {unknown}
Potions
 d - a potion of might
 j - 2 potions of heal wounds {unknown}
 l - a potion of ambrosia {unknown}
 n - a potion of brilliance {unknown}


   Skills:
 + Level 3.6 Fighting
 + Level 3.0 Axes
 + Level 4.0 Armour
 + Level 4.1 Shields


You had 2 spell levels left.
You didn't know any spells.
Your spell library contained the following spells:

 Spells                   Type           Power      Damage    Failure   Level
 Freeze                   Ice            0%         1d3       82%         1
 Frozen Ramparts          Ice            0%         1d1       99%         3
 Hailstorm                Conj/Ice       0%         3d3       100%        4


Dungeon Overview and Level Annotations

Branches:
Dungeon (2/15) Zot: 497

Altars:
Uskayaw

Annotations:
D:2 Robin


Innate Abilities, Weirdness & Mutations

You passively map a small area around you.
You are easily found by Zot.
You glow in the dark.
You regain HP and MP as you explore.


Message History

Unknown command.
You feel very sick. The goblin closely misses you.
The goblin hits you but does no damage. The goblin completely misses you.
You see here a +0 dagger.
Unknown command.
You barely miss the goblin. You hit the goblin. x2
You closely miss the goblin.
You feel very sick. The goblin closely misses you.
You block the goblin's attack. The goblin barely misses you.
Robin says, "Bow before me, strongest of all the hobgoblins!"
Robin throws the goblin at you!
The goblin hits you with a +1 dagger of venom.
You are more poisoned.
Unknown command.
Unknown command.
Unknown command.
The goblin attacks as you move away! The goblin hits you but does no damage.
The goblin attacks as you move away!
The goblin hits you with a +1 dagger of venom.
You are lethally poisoned!
You feel very sick. Robin closely misses you.
Unknown command.
Unknown command.
You feel very sick. Robin hits you but does no damage.
Unknown command.
The goblin attacks as you move away! The goblin closely misses you.
Robin attacks as you move away! Robin barely misses you.
Found 2 stones.
You feel very sick.
Robin says, "My goblins will feast on your bones."
Robin throws the goblin at you! The goblin hits you but does no damage.
You are more poisoned.
The goblin attacks as you move away! The goblin hits you with a +0 club.
* * * LOW HITPOINT WARNING * * *
x2 You feel very sick.
Robin throws the goblin at you!
You die...

....................##
....................## *
#(...).)..........## *
*#......_..........## ,
+....).............. , *
#..g............##..
#####..g#...............
,
.......g#.....(.........
.......@g...............
.......g............#...
,
................#...#...
,
................#####...
, , ####............*
... , #..........., * ..
, * .....(...... ,, .
............. , ,


You could see Robin and 4 goblins.

Vanquished Creatures
  4 ball pythons
  2 endoplasms (D:2)
  4 goblins
  6 hobgoblins
  A quokka (D:1)
  3 bats
  A frilled lizard (D:1)
  2 kobolds (D:1)
  5 rats
28 creatures vanquished.

Notes
Turn   | Place    | Note
-------+----------+-------------------------------------------
     0 | D:1      | Querens the Meteoran Fighter began the quest for the Orb.
     0 | D:1      | Reached XP level 1. HP: 19/19 MP: 2/2
    88 | D:1      | Reached XP level 2. HP: 11/26 MP: 3/3
   417 | D:1      | Reached XP level 3. HP: 31/31 MP: 4/4
   484 | D:1      | Glimpsed the power of Zot.
   655 | D:2      | Found a hide-covered altar of Uskayaw.
   670 | D:2      | Noticed Robin
   681 | D:2      | Hit by a goblin thrown by Robin

Illustrated notes

Levels and vault maps discovered:
D:1:      matt_arrival_debris, layout_loops_cross
D:2:      layout_basic, basic_altar, uniq_robin

Skill      XL: |  1  2  3 |
---------------+----------+-----
Shields        | 4 |  4.1
Armour         | 4 |  4.0
Axes           | 3 |  3.0
Fighting       | |  3.6

Action                   || total
-------------------------++-------
Melee: War axe           ||    53
Armor: Scale mail        ||    49
Dodge: Dodged            ||    30
Block: Buckler           ||    13

Table legend: (Time is in decaauts)
 A = Elapsed time spent in this place.
 B = Non-inter-level travel time spent in this place.
 C = Inter-level travel time spent in this place.
 D = Time resting spent in this place.
 E = Time spent auto-exploring this place.
 F = Levels seen in this place.
 G = Mean time per level.
                   A        B        C        D        E       F      G
               +--------+--------+--------+--------+--------+-----+--------+
         Total |    701 |    678 |     23 |      0 |      0 |   2 |  350.5 |
       Dungeon |    701 |    678 |     23 |      0 |      0 |   2 |  350.5 |
               +--------+--------+--------+--------+--------+-----+--------+

Top non-repeatable levels by time:
     D:1: 516 daAuts
     D:2: 185 daAuts
